AoeStats
← F e m t o

Glade

510763593Analyzed
1v1 RM · 18h ago on Oct 2, 2026· 17m 53s· 2 players
Game mode
Random Map
Map size
Tiny (2 player)
Population
200
Speed
Normal
Resources
Standard
Victory
Conquest
Starting age
Dark Age
Ending age
Imperial Age
RankedLock teamsTeams togetherTeam positionsShared explorationLock speedFull tech treeHidden civsTurbo modeCheats
Victory
Defeat
🇬🇧 Malians · United Kingdom
944
+15
🇨🇱 Varangians · Chile
928
-15
F e m t o
9:33 Feudal Age
9:10 Loom
10:08 Double-Bit Axe
12:51 Double-Bit Axe
13:34 Horse Collar
14:46 Bloodlines
16:21 Loom
Lord Hargo
10:12 Feudal Age
11:04 Loom
11:08 Double-Bit Axe
12:14 Wheelbarrow
12:03 Man-at-Arms
13:00 Arson
Connection lost

Rejoining the realm…

Still unreachable

The connection could not be restored.

Session expired

The server has moved on; the page needs a fresh start.